[Event "Late-Titled-Tuesday-Blitz-June-04-2024"]
[Site "Chess.com"]
[Date "2024.06.04"]
[Round "10"]
[White "FairChess_on_YouTube"]
[Black "eljanov"]
[Result "1-0"]
[WhiteElo "3087"]
[BlackElo "2944"]
[TimeControl "180+1"]
[EndTime "15:55:42 PDT"]
[Termination "FairChess_on_YouTube won by resignation"]

1. d4 Nf6 2. Nf3 d5 3. e3 c5 4. Be2 Nc6 5. O-O cxd4 6. exd4 Bg4 7. c3 e6 8. Bf4 Bd6 9. Bxd6 Qxd6 10. Nbd2 O-O 11.
Re1 Qc7 12. Bd3 Ne7 13. a4 a5 14. Qb3 Bf5 15. Bf1 Nc8 16. Ne5 Nd6 17. Nb1 Nd7 18. Na3 Nxe5 19. Rxe5 Ne4 20. Nb5 Qb6 21. f3 Nd2 22.
Qd1 Nxf1 23. Qxf1 f6 24. Ree1 e5 25. Qf2 e4 26. Qg3 Bg6 27. Qc7 Qc6 28. Qf4 Rad8 29. Re3 Rfe8 30. h4 h5 31. Rae1 Kh7 32. fxe4 Rxe4 33. Rxe4 Bxe4 34. Re3 Rd7 35. b3 b6 36. Rg3 Re7 37. Nd6 Qd7 38. c4 Bg6 39.
c5 bxc5 40. dxc5 Qe6 41. Kh2 Qe5 42. Qxe5 fxe5 43. Nb5 Be8 44. Re3 Kg6 45. Kg3 Kf6 46.
Kf2 d4 47. Rg3 Bc6 48. Ke2 e4 49. Nxd4 Bd5 50. Rg5 Bf7 51. Ke3 Re5 52. c6 Rxg5 53. hxg5+ Ke7 54. Nf5+ Ke6 55. Nxg7+ Kd6 56. Nf5+ Kxc6 57.
g6 Bxb3 58. Nd4+ 1-0

[Event "Late-Titled-Tuesday-Blitz-June-04-2024"]
[Site "Chess.com"]
[Date "2024.06.04"]
[Round "10"]
[White "urano56"]
[Black "campochess"]
[Result "1-0"]
[WhiteElo "2438"]
[BlackElo "2176"]
[TimeControl "180+1"]
[EndTime "15:55:42 PDT"]
[Termination "urano56 won by checkmate"]

1. Nf3 c5 2. b3 d6 3. Bb2 e5 4. d3 f5 5. g3 Nf6 6. Bg2 Nc6 7. O-O g6 8. Nbd2 Bg7 9. a3 O-O 10.
c4 Rb8 11. Rb1 b5 12. cxb5 Rxb5 13. Ng5 Ne7 14. b4 cxb4 15. Qb3+ Kh8 16. Rfc1 Qe8 17. Rc7 h6 18. Ne6 Bxe6 19. Qxe6 Neg8 20. Qxd6 bxa3 21. Bxa3 Rxb1+ 22. Nxb1 Qa4 23. Rxg7 Kxg7 24. Qxf8+ Kh7 25. Qf7+ Kh8 26. Bf8 Qd7 27. Bg7+ Kh7 28. Qf8 Qxg7 29. Qa8 e4 30. dxe4 fxe4 31. e3 Qe7 32. Nd2 h5 33. Nxe4 Nh6 34. Ng5+ Kg7 35. h4 Nf5 36. Qc6 a5 37.
Qa6 Ng4 38. Qxa5 Nfxe3 39. Qc3+ Kg8 40. fxe3 Nxe3 41. Be4 Qa7 42. Kh2 Ng4+ 43. Kh3 Nf2+ 44. Kg2 Ng4 45. Qc8+ Kg7 46. Qb7+ Qxb7 47. Bxb7 Kf6 48.
Kf3 Ne5+ 49. Ke4 Nc4 50. Bc8 Nd6+ 51. Kf4 Nxc8 52. Ne4+ Kg7 53. Kg5 Ne7 54. Nd6 Nf5 55. Nxf5+ gxf5 56. Kxf5 Kh6 57. Kf6 Kh7 58. Kg5 Kg7 59.
Kxh5 Kh7 60. Kg5 Kg7 61. g4 Kh7 62. Kf6 Kh6 63. g5+ Kh7 64. g6+ Kg8 65. g7 Kh7 66.
Kf7 Kh6 67. g8=Q Kh5 68. Qg5# 1-0

[Event "Late-Titled-Tuesday-Blitz-June-04-2024"]
[Site "Chess.com"]
[Date "2024.06.04"]
[Round "10"]
[White "TheoSlade"]
[Black "fly_21"]
[Result "1-0"]
[WhiteElo "2494"]
[BlackElo "2594"]
[TimeControl "180+1"]
[EndTime "15:55:43 PDT"]
[Termination "TheoSlade won by resignation"]

1. d4 Nf6 2. c4 g6 3. Nc3 d5 4. cxd5 Nxd5 5. e4 Nxc3 6. bxc3 Bg7 7. Be3 c5 8. Rc1 Qa5 9. Qd2 cxd4 10. cxd4 Qxd2+ 11. Bxd2 O-O 12. Nf3 Bg4 13. Be3 Nd7 14.
Rc7 Rfc8 15. Rxb7 Rab8 16. Rxb8 Rxb8 17. Bd3 Rb4 18. O-O Bxf3 19. gxf3 Bxd4 20. Rb1 Rxb1+ 21.
Bxb1 Bxe3 22. fxe3 e5 23. Kf2 Kf8 24. Ke2 Ke7 25. Kd3 Kd6 26. Kc4 Kc6 27. Kb4 Nc5 28.
Bc2 Ne6 29. Ka5 Kb7 30. Kb5 a6+ 31. Ka5 Ng5 32. f4 Nf3 33. h3 exf4 34. exf4 Nd4 35. Bb3 Nxb3+ 36. axb3 Ka7 37. b4 Kb7 38. e5 h6 39. h4 h5 40. b5 axb5 41. Kxb5 Kc7 42. Kc5 Kd7 43. Kd5 Ke7 44. Kd4 Ke6 45. Ke4 Kd7 46. f5 Ke7 47. Kf4 Kd7 48. Kg5 gxf5 49. Kxf5 Ke7 50. Kg5 Ke6 51. Kxh5 Kxe5 52. Kg5 f6+ 53.
Kg6 f5 54. h5 f4 55. h6 f3 56. h7 Kf4 57. h8=Q f2 58. Qh1 Ke3 59. Qf1 Kf3 60. Kf5 Kg3 61. Ke4 Kg4 62. Qxf2 Kg5 63. Qf4+ Kg6 64.
Qf5+ Kg7 65. Kf4 Kh6 66. Qg5+ Kh7 67. Kf5 Kh8 68. Kf6 1-0

[Event "Late-Titled-Tuesday-Blitz-June-04-2024"]
[Site "Chess.com"]
[Date "2024.06.04"]
[Round "10"]
[White "LeninGuerra"]
[Black "Rital44"]
[Result "1/2-1/2"]
[WhiteElo "2561"]
[BlackElo "2684"]
[TimeControl "180+1"]
[EndTime "15:55:44 PDT"]
[Termination "Game drawn by repetition"]

1. e4 c5 2. Nf3 Nc6 3. c3 d5 4. exd5 Qxd5 5. d4 Bg4 6. Be2 e6 7. dxc5 Qxd1+ 8. Bxd1 Bxc5 9. O-O O-O-O 10. Nbd2 Nf6 11.
h3 Bf5 12. Nb3 Bb6 13. Be2 Ne4 14. a4 Ng3 15. Re1 Nxe2+ 16. Rxe2 Rd1+ 17. Re1 Rxe1+ 18. Nxe1 Rd8 19. a5 Bc7 20. Be3 e5 21. Kf1 Be6 22. Nc5 Bc4+ 23. Kg1 Nxa5 24. b4 Nb3 25. Nxb3 Bxb3 26.
Nf3 a6 27. Kf1 Rd1+ 28. Rxd1 Bxd1 29. Ng5 f6 30. Ne6 g5 31. Nxc7 Kxc7 32. c4 Kc6 33. Ke1 Bb3 34. c5 Kb5 35. Bd2 Kc4 36. Ke2 Ba4 37.
Ke3 Bc6 38. g3 f5 39. f4 gxf4+ 40. gxf4 e4 41. Be1 Kb3 42. Bd2 Kc2 43. Be1 Kd1 44. Bc3 h6 45. Bd2 h5 46. h4 Kc2 47. Be1 Kb3 48.
Bd2 Kc4 49. Be1 Bb5 50. Bd2 Kb3 51. Be1 Kc2 52. Bd2 Kd1 53. Bc3 Bc6 54. Bd2 Kc2 55.
Be1 Bd5 56. Bd2 Bc4 57. Be1 Kb3 58. Bd2 Ka4 59. Be1 Kb5 60. Bd2 a5 61. bxa5 Kxc5 62. Be1 Bf1 63. Bd2 Kb5 64. Be1 Kc6 65. Bd2 Ba6 66. Be1 Kc5 67. Bd2 Kc4 68. Be1 Kd5 69.
Bd2 b5 70. axb6 Kc6 71. Ba5 Kb7 72. Kd4 Be2 73. Bd2 Bg4 74. Kc5 Bf3 75. Be3 Bg4 76.
Kd6 Be2 77. Ke6 Bg4 78. Kd7 Bh3 79. Ke6 Bg4 80. Kd7 Bh3 81. Ke6 Bg4 1/2-1/2

[Event "Late-Titled-Tuesday-Blitz-June-04-2024"]
[Site "Chess.com"]
[Date "2024.06.04"]
[Round "10"]
[White "duone"]
[Black "N_Mullodzhanov"]
[Result "1-0"]
[WhiteElo "2412"]
[BlackElo "2510"]
[TimeControl "180+1"]
[EndTime "15:55:45 PDT"]
[Termination "duone won by checkmate"]

1. e4 c6 2. Nf3 d5 3. Nc3 Bg4 4. h3 Bxf3 5. Qxf3 e6 6. g3 Nf6 7.
Bg2 Bc5 8. d3 O-O 9. O-O Nbd7 10. Bg5 Qc7 11. Rad1 h6 12. Bxf6 Nxf6 13. d4 dxe4 14.
Nxe4 Nxe4 15. Qxe4 Be7 16. c4 Bf6 17. Rd3 Rad8 18.
Rfd1 g6 19. h4 h5 20. Bh3 c5 21. d5 exd5 22. cxd5 Bxb2 23. d6 Qa5 24. Qxb7 c4 25.
Qxb2 cxd3 26. Rxd3 Qe1+ 27. Kh2 Rb8 28. Qf6 Qe2 29.
Re3 Qxa2 30. Be6 Qc2 31. Bd5 Qf5 32. Qxf5 gxf5 33. Re7 Rb6 34. d7 Rd6 35. Bb3 a5 36. Ba4 Rd4 37. Re8 Kg7 38. Kg2 f4 39. Kf3 fxg3 40.
fxg3 Rh8 41. Ke3 Rd6 42. Kf4 Rd4+ 43. Ke3 Rd6 44. Kf4 Rf8 45. Kg5 Rd5+ 46. Kf4 f6 47.
Bc6 Rd6 48. Ba4 Kf7 49. Kf5 Rd5+ 50. Ke4 Rxd7 51. Rxf8+ Kxf8 52. Bxd7 Ke7 53. Ba4 Ke6 54. Bb3+ Ke7 55. Kf5 a4 56. Bxa4 Kf7 57. Bb3+ Kg7 58. Be6 Kh6 59. Kxf6 Kh7 60. Kg5 Kg7 61. Kxh5 Kf6 62. Ba2 Kg7 63. Kg5 Kh7 64. h5 Kg7 65. h6+ Kh8 66. Bb1 Kg8 67. Kf6 Kh8 68. g4 Kg8 69. g5 Kh8 70. g6 Kg8 71. h7+ Kf8 72. h8=R# 1-0

[Event "Late-Titled-Tuesday-Blitz-June-04-2024"]
[Site "Chess.com"]
[Date "2024.06.04"]
[Round "10"]
[White "rikchessmx"]
[Black "betta2004"]
[Result "0-1"]
[WhiteElo "2344"]
[BlackElo "2534"]
[TimeControl "180+1"]
[EndTime "15:55:48 PDT"]
[Termination "betta2004 won by resignation"]

1. e4 c6 2. d4 d5 3. Nc3 dxe4 4. Nxe4 Bf5 5. Ng3 Bg6 6. h4 h6 7. h5 Bh7 8. Nf3 e6 9. Bd3 Bxd3 10. Qxd3 Nd7 11.
Bd2 Ngf6 12. O-O-O Qc7 13. Ne4 O-O-O 14. g3 Be7 15. c4 Nxe4 16. Qxe4 Nf6 17. Qe2 Qb6 18. Bc3 c5 19. d5 Rhe8 20. dxe6 Qxe6 21. Qxe6+ fxe6 22. Ne5 Ne4 23. Rxd8+ Rxd8 24. Be1 Bg5+ 25. f4 Bf6 26. Ng6 Rd3 27. g4 Rf3 28. Bh4 Nf2 29. Bxf2 Rxf2 30. Re1 Bxb2+ 31. Kb1 Bd4 32. Rxe6 Rb2+ 33.
Kc1 Rxa2 34. g5 hxg5 35. fxg5 Rh2 36. h6 gxh6 37. gxh6 a5 38. Nf4 a4 39. Ne2 Rxh6 40. Rxh6 Be3+ 41. Kc2 Bxh6 42. Nc3 a3 43. Kb3 Bc1 44.
Ne4 b6 45. Nc3 Kd7 46. Nd5 Kc6 47. Ne7+ Kd6 48. Nd5 b5 49. Nb6 Kc6 50. Nc8 bxc4+ 51. Ka2 Bb2 52. Ne7+ Kb5 53. Nd5 c3 54. Kb3 c4+ 55. Ka2 c2 56. Ne3 c1=Q 57. Nxc4 Qxc4+ 58. Kb1 Qd3+ 59. Ka2 Qd5+ 60. Kb1 Bh8 61. Kc2 Qc4+ 62. Kb1 Qb3+ 0-1

[Event "Late-Titled-Tuesday-Blitz-June-04-2024"]
[Site "Chess.com"]
[Date "2024.06.04"]
[Round "10"]
[White "Statham_01"]
[Black "jaskol95"]
[Result "0-1"]
[WhiteElo "2695"]
[BlackElo "2578"]
[TimeControl "180+1"]
[EndTime "15:55:58 PDT"]
[Termination "jaskol95 won by resignation"]

1. e4 d5 2. exd5 Nf6 3. Nf3 Bg4 4. c4 c6 5. Nc3 cxd5 6. cxd5 Nxd5 7. Bc4 Nxc3 8. bxc3 e6 9. Bb5+ Nd7 10. d4 Bd6 11. O-O O-O 12. Be2 Qc7 13. Qd3 Bxf3 14. Bxf3 Bxh2+ 15. Kh1 Bd6 16. c4 e5 17. c5 Be7 18.
Rb1 Rab8 19. Qf5 g6 20. Qh3 exd4 21. Rxb7 Rxb7 22. c6 Rb1 23. Be4 Rxc1 24. Rxc1 Nf6 25. Bf3 Rd8 26. Rd1 Qe5 27. Qh4 Bd6 28. g3 Bc7 29. Kg2 d3 30. Qc4 d2 31. Qb4 Qd6 32. Qc4 Qd4 33. Qb3 Bb6 34. Rf1 h5 35. a4 Ng4 36. a5 Bxa5 37. Qb7 Bb6 38. c7 Bxc7 39. Qxc7 d1=Q 40. Bxd1 Qd5+ 41. Bf3 Qd7 42. Qf4 Qd6 43.
Qg5 Ne5 44. Bxh5 Kf8 45. Bf3 Nxf3 46. Qh6+ Ke7 47. Kxf3 Qd5+ 48. Kg4 Qf5+ 49. Kh4 Qf6+ 50. Kh3 Rh8 51. Re1+ Kd7 52. Rd1+ Kc6 53. Rc1+ Kb5 54. Rb1+ Ka4 55. Qxh8 Qxh8+ 56. Kg2 Qd4 57. Rb7 Qe4+ 58. f3 Qxb7 59. Kh2 Qb2+ 60. Kh1 Kb3 61. f4 a5 62. f5 a4 0-1

[Event "Late-Titled-Tuesday-Blitz-June-04-2024"]
[Site "Chess.com"]
[Date "2024.06.04"]
[Round "10"]
[White "xakevicius91"]
[Black "traviscottofficial"]
[Result "1-0"]
[WhiteElo "2573"]
[BlackElo "2661"]
[TimeControl "180+1"]
[EndTime "15:55:58 PDT"]
[Termination "xakevicius91 won on time"]

1. e4 a6 2. d4 b5 3. Bd3 Bb7 4. Qe2 e6 5. Nf3 d5 6. e5 Nd7 7. a4 b4 8. O-O c5 9. c4 cxd4 10. cxd5 Bxd5 11. Nxd4 Nc5 12. Bc4 Bxg2 13. Rd1 Bd5 14.
Nf5 g6 15. Bxd5 exd5 16. Nd6+ Bxd6 17. exd6+ Ne6 18. Rxd5 Nf6 19. Rd1 O-O 20. b3 Nh5 21. Qg4 Qf6 22. Ra2 Rfd8 23. Be3 Nhg7 24. Nd2 Rxd6 25.
Ne4 Rxd1+ 26. Qxd1 Qf5 27. Ng3 Qe5 28. Rd2 h5 29.
Rd5 Qb2 30. Ne4 Nf5 31. Bg5 Nxg5 32. Nxg5 Kg7 33. Rd7 Rf8 34. Ne6+ Kg8 35. Nxf8 Kxf8 36. Rd8+ Kg7 37. Qd3 Qc1+ 38. Kg2 Qg5+ 39. Kf1 Qf4 40.
h3 a5 41. Re8 Qc7 42. Re1 Qc5 43. Rd1 h4 44. Ke2 Qe5+ 45. Kf1 Qh2 46. Qf3 Qe5 47.
Re1 Qb2 48. Kg1 Qf6 49. Qg4 Qc3 50. Qd1 Qxh3 51. Re4 Qc3 52. Rg4 h3 53. Kh1 Kf6 54. Kh2 Kg7 55. Rf4 f6 56. Rf3 Qe5+ 57. Kxh3 g5 58.
Qd3 Ne7 59. Qd7 Kg6 60. Kg2 1-0

[Event "Late-Titled-Tuesday-Blitz-June-04-2024"]
[Site "Chess.com"]
[Date "2024.06.04"]
[Round "10"]
[White "stolencandy13"]
[Black "WPWPWP-2015"]
[Result "1/2-1/2"]
[WhiteElo "2621"]
[BlackElo "2541"]
[TimeControl "180+1"]
[EndTime "15:56:01 PDT"]
[Termination "Game drawn by repetition"]

1. d4 Nf6 2. Bf4 g6 3. Nc3 d5 4.
Nf3 Bg7 5. Qd2 O-O 6. O-O-O b5 7. Nxb5 Ne4 8. Qe1 c5 9. e3 Nc6 10. Bd3 Qb6 11. Bc7 Qb7 12. Bf4 c4 13. Nc7 e5 14.
Bxe4 dxe4 15. Nxe5 Bxe5 16. Bxe5 Nxe5 17. Nxa8 Ng4 18. h3 Nf6 19. Qc3 Be6 20. d5 Nxd5 21. Qe5 Qxa8 22. c3 Nb6 23. Rd2 Nd7 24. Qc7 Qc8 25.
Qxa7 Nc5 26. Rhd1 Nd3+ 27. Kb1 Rd8 28. f3 Bd5 29. Qe7 Re8 30. Qd6 Qc6 31. Qxc6 Bxc6 32.
b3 f5 33. bxc4 Kf7 34. g4 Ke6 35. gxf5+ gxf5 36. fxe4 fxe4 37. Ka1 Kd6 38. Rg1 Re5 39. Rg7 h5 40. Rh7 Rf5 41. a4 Kc5 42. Ka2 Bxa4 43.
Ra7 Kxc4 44. Rxa4+ Kxc3 45. Rg2 Nc5 46. Ra5 Kb4 47.
Ra8 Re5 48. Rb8+ Kc3 49. Rc8 Kd3 50. h4 Kxe3 51. Rg5 Rxg5 52. hxg5 Ne6 53. g6 Kf4 54.
Re8 Kf5 55. Kb3 h4 56. Kc4 h3 57. Kd5 Ng7 58. Rh8 Kg4 59. Rh7 Nf5 60. g7 Nxg7 61. Rxg7+ Kf3 62. Rf7+ Kg2 63. Kxe4 h2 64. Rg7+ Kf2 65.
Rh7 Kg2 66. Rg7+ Kf2 67. Rf7+ Kg2 68. Rg7+ 1/2-1/2

[Event "Late-Titled-Tuesday-Blitz-June-04-2024"]
[Site "Chess.com"]
[Date "2024.06.04"]
[Round "10"]
[White "Chigorinetz"]
[Black "rhungaski"]
[Result "1-0"]
[WhiteElo "2563"]
[BlackElo "2614"]
[TimeControl "180+1"]
[EndTime "15:56:02 PDT"]
[Termination "Chigorinetz won by resignation"]

1. e4 c5 2. Nc3 Nc6 3. Nge2 e5 4.
Nd5 d6 5. Nec3 Be6 6. Bc4 Nf6 7. d3 Nd7 8. O-O Be7 9. f4 exf4 10. Bxf4 Nde5 11.
Nxe7 Qxe7 12. Nd5 Qd7 13. Bxe5 dxe5 14. Qh5 O-O-O 15. a3 f6 16. b4 Qd6 17. bxc5 Qxc5+ 18. Kh1 Kb8 19. Rab1 Bc8 20. a4 Qd6 21. Rb2 Na5 22. Ba2 Qa3 23. Rfb1 Qxa4 24. Qh4 Qd7 25. c4 Nc6 26. c5 Nd4 27. Bc4 Qc6 28. Qg3 Rd7 29. Nb4 Qa4 30. Ra2 Ne2 31. Qe1 Qxa2 32. Bxa2 Nd4 33.
c6 Re7 34. cxb7 Rxb7 35. Bd5 Rb6 36. Nc6+ Nxc6 37. Rxb6+ axb6 38. Bxc6 Rd8 39. Bd5 Bb7 40. Qb4 Bxd5 41. Qxb6+ Kc8 42. Qc5+ Kd7 43. exd5 Ke8 44. Qc6+ Ke7 45. g4 Rd6 46. Qc7+ Rd7 47. Qc5+ Kf7 48. Kg2 g6 49. d6 Ke6 50. d4 exd4 51. Qxd4 Rxd6 52.
Qa7 Rd7 53. Qb8 f5 54. g5 Re7 55. Qf8 Kd7 56. Kf3 Kd6 57. Qf6+ Kd7 58. h4 Re6 59.
Qf7+ Re7 60. Qf8 Re8 61. Qh6 Re7 62. h5 gxh5 63. Kf4 Rf7 64. Qxh5 Ke7 65. Qh6 Kd7 66.
Ke5 f4 67. Qe6+ 1-0

[Event "Late-Titled-Tuesday-Blitz-June-04-2024"]
[Site "Chess.com"]
[Date "2024.06.04"]
[Round "10"]
[White "dretch"]
[Black "Sanan_Sjugirov"]
[Result "1/2-1/2"]
[WhiteElo "2866"]
[BlackElo "2944"]
[TimeControl "180+1"]
[EndTime "15:56:09 PDT"]
[Termination "Game drawn by repetition"]

1. d4 d5 2. c4 e6 3. Nc3 Nf6 4. cxd5 exd5 5. Bg5 Be7 6. e3 c6 7. Bd3 Nbd7 8. Nge2 Nf8 9. Qc2 Ne6 10. Bh4 g6 11. f3 O-O 12. O-O c5 13. Qd2 b6 14. Rad1 Bb7 15.
Bb1 Re8 16. Kh1 a6 17. Nf4 Nxf4 18. exf4 Nh5 19. Bxe7 Qxe7 20. g4 Nf6 21. f5 Rad8 22. Qh6 Qe3 23. Qxe3 Rxe3 24. Kg2 g5 25. Kf2 Re7 26.
h4 h6 27. Rd2 Kg7 28. Rfd1 Bc6 29. Re2 Rxe2+ 30. Nxe2 c4 31. Kg3 Re8 32. Ng1 b5 33. Nh3 Nh7 34. hxg5 hxg5 35. Kf2 b4 36. Bc2 Bb5 37. Re1 Rxe1 38. Kxe1 f6 39. Kd2 Kf7 40. f4 Ke7 41. Bd1 Kd6 42. Bf3 a5 43. Kc2 Ba4+ 44. Kd2 Bc6 45. Kc2 Be8 46. a3 Bf7 47. axb4 axb4 48.
Kd2 gxf4 49. Nxf4 Ng5 50. Bg2 Nh7 51. Bf3 Ng5 52. Bg2 Nh7 53. Ke3 Nf8 54. Bf3 Nd7 55.
Bd1 Nb6 56. Kd2 Ke7 57. Bf3 Kd6 58. Bg2 Be8 59. Bf3 Ba4 60. Nh5 Ke7 61. Nf4 Kd6 62. Nh5 Nd7 63. Nf4 Bc6 64. Bd1 Nb6 65. Bc2 Ke7 66. Ng6+ Kf7 67. Nf4 Bb5 68. Bd1 Ke7 69. Bf3 Bc6 70. Ng6+ Kd6 71. Nf4 Ba4 1/2-1/2

[Event "Late-Titled-Tuesday-Blitz-June-04-2024"]
[Site "Chess.com"]
[Date "2024.06.04"]
[Round "10"]
[White "Hirna2005"]
[Black "Cambek64"]
[Result "1-0"]
[WhiteElo "2345"]
[BlackElo "2494"]
[TimeControl "180+1"]
[EndTime "15:56:13 PDT"]
[Termination "Hirna2005 won by resignation"]

1. e4 c5 2. Nf3 d6 3. c3 Nf6 4.
h3 Nc6 5. Bd3 g6 6. Bc2 Bg7 7. O-O O-O 8. Re1 e5 9. d3 h6 10. Nbd2 Be6 11. Nf1 d5 12. exd5 Nxd5 13. Ng3 f5 14. Bb3 Bf7 15. Ne2 Qd6 16. a4 Rad8 17. Bc4 Nb6 18. Bxf7+ Rxf7 19. a5 Nc8 20. d4 cxd4 21. cxd4 e4 22. Nh4 g5 23. Ng3 gxh4 24. Nh5 Bxd4 25. Bf4 Be5 26. Qb3 Bxf4 27. Rad1 Nd4 28.
Rxd4 Bh2+ 29. Kh1 Qxd4 30. Kxh2 Qxf2 31. Nf6+ Kg7 32. Nh5+ Kg6 33. Qe6+ Kxh5 34. Qxf7+ Kg5 35. Qg7+ Kf4 36. Qxh6+ Ke5 37. Qg7+ Ke6 38. Qg6+ Kd7 39. Rd1+ Kc7 40. Qg7+ Kb8 41. Rxd8 Qf4+ 42. Kh1 Qc1+ 43.
Kh2 Qc7+ 44. Qxc7+ Kxc7 45. Rf8 Nd6 46. Rh8 e3 47.
Kg1 Kc6 48. Rxh4 Kd5 49. Rb4 Ne4 50. Kf1 Ng3+ 51. Ke1 Kc6 52. h4 Kc5 53. Rxb7 f4 54. Rg7 Nf5 55. Rg5 Kd4 56. Rxf5 Ke4 57. Rf8 Kd3 58. h5 a6 59. h6 f3 60. gxf3 e2 61.
h7 Ke3 62. h8=Q Kd3 63. Qh4 Kc2 64. Qc4+ Kxb2 65. Kxe2 1-0

[Event "Late-Titled-Tuesday-Blitz-June-04-2024"]
[Site "Chess.com"]
[Date "2024.06.04"]
[Round "10"]
[White "osh1ro"]
[Black "Rodalquilar"]
[Result "1-0"]
[WhiteElo "2648"]
[BlackElo "2777"]
[TimeControl "180+1"]
[EndTime "15:56:14 PDT"]
[Termination "osh1ro won on time"]

1. d4 d5 2. c4 e6 3. Nc3 a6 4. cxd5 exd5 5. Nf3 Nf6 6. Bg5 Be6 7. e3 Nbd7 8. Bd3 Bd6 9. O-O c6 10. Qc2 Qc7 11. e4 dxe4 12. Nxe4 Nxe4 13. Bxe4 h6 14.
Be3 Nf6 15. Bf5 Bd5 16. Ne5 O-O 17. Rfe1 Rfe8 18. Bf4 Nh5 19. Bd2 Bxe5 20. dxe5 Rxe5 21. Bc3 Ree8 22. f3 Nf4 23. Qd2 Ne6 24. b3 Rad8 25.
Qf2 Qf4 26. Bc2 Ng5 27. Ba5 Rc8 28. Bd2 Qf6 29. h4 Ne6 30. Be3 Nc7 31. Rad1 Nb5 32. a4 Nd6 33. Bd4 Qf4 34. g3 Qxf3 35. Qxf3 Bxf3 36.
Rc1 Be4 37. Bd1 Nf5 38. Bf2 Bd5 39. Bc2 Rxe1+ 40. Rxe1 Nd6 41. b4 Re8 42. Rxe8+ Nxe8 43. Bc5 b5 44. axb5 axb5 45. Kf2 Nc7 46. Ke3 Ne6 47. Bd6 f6 48. Bg6 Nf8 49. Be8 Ne6 50. h5 Nd8 51.
Kd4 Bf7 52. Bxf7+ Kxf7 53. Kc5 Ke6 54. Bc7 Nf7 55. Kxc6 Ne5+ 56. Kxb5 Kd5 57. Ka6 Nc6 58. b5 Nb4+ 59. Ka5 Kc5 60. Bb6+ Kc4 61. Bd8 Nd5 62.
b6 Nb4 63. Bc7 Kc5 64. b7 Nc6+ 65. Ka6 Kd5 66. Kb6 f5 67. Bf4 Nb8 68. Bxb8 1-0

[Event "Late-Titled-Tuesday-Blitz-June-04-2024"]
[Site "Chess.com"]
[Date "2024.06.04"]
[Round "10"]
[White "Alex_Banzea"]
[Black "mostafa_sakha"]
[Result "1/2-1/2"]
[WhiteElo "2576"]
[BlackElo "2405"]
[TimeControl "180+1"]
[EndTime "15:56:17 PDT"]
[Termination "Game drawn by repetition"]

1. d4 Nf6 2. Nc3 d5 3. Bf4 c5 4. e3 cxd4 5. exd4 a6 6. Bd3 Nc6 7. Nge2 Bg4 8. f3 Bh5 9. g4 Bg6 10. h4 e6 11. h5 Bxd3 12. Qxd3 h6 13. O-O-O b5 14. Kb1 Qd7 15. Nc1 O-O-O 16. a4 Nb4 17. Qe2 bxa4 18. N3a2 Qb5 19. Qxb5 axb5 20. Nc3 Bd6 21.
Bxd6 Rxd6 22. Nxb5 Rb6 23. Na3 Kd7 24. c3 Nc6 25. Nd3 Rhb8 26. Nc2 Ne8 27. Nc5+ Ke7 28.
Nxa4 Rb5 29. Ne3 Nd6 30. Kc2 Na5 31. b4 Nac4 32. Nxc4 Nxc4 33. Rhe1 Ra8 34. Ra1 Kf6 35.
Nc5 Rd8 36. Ra7 Nd6 37. Nd7+ Kg5 38. Ne5 Rf8 39. Rea1 Kf4 40. R1a6 Nc4 41. Nxf7 Kxf3 42. Ne5+ Nxe5 43. dxe5 Kxg4 44. Rxg7+ Kxh5 45. Rxe6 Rf2+ 46. Kb3 Rf3 47. Rh7 d4 48. Rexh6+ Kg4 49. Rh5 Rxc3+ 50. Kb2 Rxb4+ 51. Ka2 Rc2+ 52. Ka3 Rbc4 53. Rh4+ Kf3 54.
Rh3+ Ke4 55. e6 R2c3+ 56. Rxc3 Rxc3+ 57. Kb2 Rc8 58. Rh4+ Ke3 59. Rh3+ Ke2 60. Rh2+ Ke3 61. Rh3+ Ke4 62. Rh4+ Ke5 63. e7 d3 64. Rh3 Ke4 65. Rh4+ Ke3 66. Rh3+ Ke2 67. Rh2+ Ke3 68. Rh3+ Ke2 69.
Rh2+ Ke3 70. Rh3+ 1/2-1/2

[Event "Late-Titled-Tuesday-Blitz-June-04-2024"]
[Site "Chess.com"]
[Date "2024.06.04"]
[Round "10"]
[White "glucolisis04"]
[Black "jbking07"]
[Result "0-1"]
[WhiteElo "2266"]
[BlackElo "2345"]
[TimeControl "180+1"]
[EndTime "15:56:17 PDT"]
[Termination "jbking07 won by resignation"]

1. d4 d5 2. c4 e6 3. Nc3 Nf6 4. cxd5 exd5 5. Bg5 c6 6. e3 Bd6 7.
Bd3 O-O 8. Qc2 h6 9. Bh4 Re8 10. Nf3 Nbd7 11. O-O Nf8 12. Rab1 a5 13. a3 Bg4 14.
Bg3 Bh5 15. b4 axb4 16. axb4 Bg6 17. b5 Bxg3 18. hxg3 Bxd3 19. Qxd3 Ra3 20. Qc2 Qa5 21. Rb3 N8d7 22. bxc6 bxc6 23. Rfb1 Rxb3 24. Rxb3 c5 25.
Rb5 Qa1+ 26. Rb1 Qa5 27. Rb5 Qa1+ 28. Rb1 Qa8 29. Nb5 Qc6 30. dxc5 Qxc5 31. Qxc5 Nxc5 32. Nbd4 Kf8 33. Rb5 Rc8 34. Nf5 Nce4 35. Rb1 g6 36. N5d4 Ra8 37. Ne1 Ra2 38. Nd3 Ng4 39. Rb8+ Kg7 40.
Kf1 Ngxf2 41. Nxf2 Rxf2+ 42. Kg1 Rf6 43. Rd8 Rd6 44.
Rxd6 Nxd6 45. Kf2 Kf6 46. Nc6 Ke6 47. Nb4 f5 48. Nc2 Ke5 49. Nd4 g5 50. Nc6+ Kf6 51.
Nd4 h5 52. Nc6 Ne4+ 53. Kf3 Nd2+ 54. Ke2 Nc4 55. Kf2 Ke6 56. Nb4 Ke5 57. Nc2 Nd6 58. Nd4 g4 59. Nc6+ Ke4 60. Ne7 Nb5 61. Ng6 d4 62. exd4 Nxd4 63. Nf4 Ke5 64. Nxh5 Ne6 65. Ke2 Ng5 66. Kf2 Ne4+ 67. Kf1 Ke6 68. Ke2 Kf7 69. Ke3 Kg6 70. Kf4 Kxh5 71. Kxf5 Nxg3+ 72. Kf4 Nf1 73. g3 Nh2 74. Ke3 Kg5 75. Ke4 Nf3 76. Ke3 Ne5 77. Ke4 Nf7 78. Kd5 Kf5 79. Kd4 Nd6 80.
Kd5 Ne4 81. Kd4 Nxg3 0-1

[Event "Late-Titled-Tuesday-Blitz-June-04-2024"]
[Site "Chess.com"]
[Date "2024.06.04"]
[Round "10"]
[White "hansen"]
[Black "ReadySkate"]
[Result "1/2-1/2"]
[WhiteElo "3019"]
[BlackElo "2729"]
[TimeControl "180+1"]
[EndTime "15:56:18 PDT"]
[Termination "Game drawn by repetition"]

1. e4 c5 2. Nf3 d6 3. d4 cxd4 4. Nxd4 Nf6 5. Nc3 a6 6. Rg1 e5 7. Nb3 h5 8. Bg5 Be6 9. Qd3 Nbd7 10. O-O-O Be7 11. Kb1 Rc8 12. Be2 b5 13. a3 Qb6 14.
Be3 Qb7 15. Nd5 Bxd5 16. exd5 Nb6 17. Bf3 Nc4 18. h3 e4 19. Bxe4 Ne5 20. Qe2 Nxe4 21. Bf4 Nf6 22. Bxe5 dxe5 23. d6 Bd8 24. Qxe5+ Kf8 25.
Nc5 Qc6 26. d7 Rc7 27. Rge1 g6 28.
b4 Kg7 29. g4 hxg4 30. hxg4 Kg8 31. g5 Rh5 32. f4 Kh7 33. Qd4 Qf3 34. gxf6 Rc6 35.
Rd3 Qg4 36. f5 Qxf5 37. Qe3 Bxf6 38. d8=Q Bxd8 39. Rxd8 Rh2 40. Rd3 Rd6 41. Qe4 Qf6 42. Qe5 Qxe5 43. Rxe5 Rxd3 44. Nxd3 Kg7 45. Re7 Rh1+ 46.
Kb2 g5 47. Ra7 Kg6 48. Ne5+ Kf5 49. Nxf7 g4 50. Nd6+ Kf4 51. Rg7 g3 52. Nb7 Kf3 53. Nc5 Rh6 54. Nd3 Re6 55. Kc3 Rc6+ 56. Kd2 Re6 57. c3 Re2+ 58. Kd1 Re6 59. Kc2 Re2+ 60. Kb3 Re6 61. c4 Re3 62. Kc2 bxc4 63. Nb2 Rxa3 64. Nxc4 Ra2+ 65. Kd3 g2 66. Nd2+ Kf2 67. Ne4+ Kf1 68.
Nd2+ Kf2 69. Ne4+ Kf1 70. Nd2+ Kf2 1/2-1/2

[Event "Late-Titled-Tuesday-Blitz-June-04-2024"]
[Site "Chess.com"]
[Date "2024.06.04"]
[Round "10"]
[White "Meri-Arabidze"]
[Black "Larax"]
[Result "1/2-1/2"]
[WhiteElo "2679"]
[BlackElo "2539"]
[TimeControl "180+1"]
[EndTime "15:56:37 PDT"]
[Termination "Game drawn - insufficient material"]

1. Nf3 d5 2. c4 d4 3. b4 c5 4. b5 g6 5. g3 Bg7 6. Bg2 e5 7. d3 Ne7 8. O-O O-O 9. a4 Nd7 10. a5 Rb8 11. Ra2 b6 12. e3 dxe3 13. fxe3 Bb7 14. e4 Re8 15. Nc3 Nf8 16. Nd5 h6 17. Be3 Ne6 18. Qd2 Kh7 19. Bh3 Nf8 20. axb6 axb6 21. Ra7 Ne6 22. Nh4 Rf8 23. Nf3 Nc8 24.
Ra2 Nd6 25. Qc1 Bxd5 26. exd5 Nd4 27. Raf2 f5 28. Bxd4 cxd4 29. Rd1 h5 30. Ng5+ Kg8 31. Ne6 Qf6 32. Nxf8 Rxf8 33. c5 bxc5 34. Qxc5 e4 35.
Bf1 e3 36. Rf3 Rc8 37. Qb4 Rc2 38. b6 Qe7 39. Qb3 Rd2 40. Re1 Bh6 41. h4 f4 42.
gxf4 Qxh4 43. Re2 Qg4+ 44. Rg2 Qxf3 45. b7 Rxg2+ 46. Bxg2 Qf2+ 47. Kh1 Qh4+ 48. Kg1 Qe1+ 49. Kh2 Qh4+ 50. Kg1 Nxb7 51. d6+ Kg7 52. Qxb7+ Kf6 53. Qf3 Qe1+ 54. Kh2 Qh4+ 55. Kg1 Qe1+ 56. Bf1 Qf2+ 57. Qxf2 exf2+ 58. Kxf2 Bxf4 59. d7 Ke7 60. Bh3 g5 61. Bf5 g4 62. Kg2 Bc7 63. Kf2 Kf6 64.
Be4 Kg5 65. Bd5 h4 66. Kg2 Kf4 67. Kf2 h3 68. Be4 g3+ 69. Kg1 Ke3 70. Kh1 g2+ 71.
Kg1 Bd8 72. Bd5 Kxd3 73. Bf3 Kc3 74. Bg4 h2+ 75. Kxh2 d3 76. Kxg2 d2 77. Kf1 Kc2 78.
Bf3 d1=Q+ 79. Bxd1+ Kxd1 80. Kf2 Kd2 81. Kf3 Kd3 82. Kf4 Kc4 83. Kf5 Kc5 84. Ke6 Kc6 85. Kf7 Kxd7 1/2-1/2